 Dungeon Crawl Stone Soup version 0.21.1-1-g345015f (webtiles) character file.

143 suicidejoker the Bolt Thrower (level 5, -4/32 HPs)
             Began as a Kobold Hunter on Mar 18, 2018.
             Slain by an orc warrior
             ... wielding a +0 halberd
              (18 damage)
             ... on level 3 of the Dungeon.
             The game lasted 00:04:28 (1974 turns).

suicidejoker the Bolt Thrower (Kobold Hunter)       Turns: 1974, Time: 00:04:28

Health: -4/32      AC:  6    Str: 11    XL:     5   Next: 50%
Magic:  5/5        EV: 12    Int: 12    God:
Gold:   69         SH:  0    Dex: 15    Spells: 4/4 levels left

rFire    . . .     SeeInvis .   a - +1 hand crossbow
rCold    . . .     Gourm    .   (shield restricted)
rNeg     . . .     Faith    .   h - +0 scale mail
rPois    .         Spirit   .   (no helmet)
rElec    .         Reflect  .   (no cloak)
rCorr    .         Harm     .   (no gloves)
MR       .....                  (no boots)
Stlth    ..........             (no amulet)
HPRegen  0.10/turn              (no ring)
MPRegen  0.09/turn              (no ring)

@: about to teleport
A: small, carnivore
a: no special abilities


You were on level 3 of the Dungeon.
You were very hungry.

You visited 1 branch of the dungeon, and saw 3 of its levels.

You collected 69 gold pieces.

Inventory:

Hand Weapons
 a - a +1 hand crossbow (weapon)
 b - a +0 dagger
Missiles
 c - 33 sling bullets
 i - 76 stones (quivered)
Armour
 h - a +0 scale mail (worn)
Scrolls
 j - a scroll of remove curse
 k - a scroll of teleportation
 l - 4 scrolls of blinking {unknown}
 m - a scroll of magic mapping {unknown}
Potions
 e - 2 potions of curing
Comestibles
 f - 3 rations


   Skills:
 + Level 2.9 Fighting
 + Level 2.1 Short Blades
 * Level 6.0 Crossbows
 + Level 1.4 Armour
 + Level 3.3 Dodging
 - Level 1.3 Stealth


You had 4 spell levels left.
You didn't know any spells.

Dungeon Overview and Level Annotations

Branches:
Dungeon (3/15)

Altars:


Innate Abilities, Weirdness & Mutations

You are small and have problems with some larger weapons.
You are carnivorous and can eat meat at any time.


Message History

Firing (i - inventory. (,) - cycle):
d - a bolt (quivered)
Press: ? - help, Shift-Dir - straight line, f/p - ooze
Aim: an ooze (severely wounded)
You shoot a bolt. The bolt hits the ooze.
The ooze is almost dead.
The ooze hits you but does no damage.
The orc warrior hits you from afar with a halberd!
Ouch! That really hurt!
An adder comes into view.
It was a potion of magic.
Magic courses through your body.
The adder hisses angrily.
The ooze barely misses you. The orc warrior misses you.
As you read the scroll labeled BUAHEI HELA, it crumbles to dust.
You feel blessed for a moment.
It was a scroll of remove curse.
The ooze hits you but does no damage.
As you read the scroll labeled ZASAEP EDOSO, it crumbles to dust.
You feel strangely unstable.
It was a scroll of teleportation.
The orc warrior hits you from afar with a halberd!!
Ouch! That really hurt!
You die...

.# .# .# # ....
.##. . #. #..#
... .. ##.##...
oo .# ...#..
##.##..# ....
#...((#
#.####oS...###
#>.@Joo...(...
#..###.....##.
#..# #.....#
#.##..#####.#.#
#....<.# .....
#.##.............
# ............##.
####.######...
#.#


You could see an orc warrior, an ooze, an adder and 2 orcs.

Vanquished Creatures
  A scorpion (D:2)
  4 adders (D:2)
  2 oozes
  A worm (D:2)
  A dart slug (D:1)
  3 leopard geckos (D:1)
  2 orcs (D:3)
  5 bats
  4 giant cockroaches
  2 goblins
  5 hobgoblins
  A kobold (D:2)
  A quokka (D:2)
  2 frilled lizards
  10 rats
44 creatures vanquished.

Notes
Turn   | Place    | Note
-------+----------+-------------------------------------------
     0 | D:1      | suicidejoker the Kobold Hunter began the quest for the Orb.
     0 | D:1      | Reached XP level 1. HP: 12/12 MP: 1/1
    94 | D:1      | Reached skill level 5 in Crossbows
    94 | D:1      | Reached XP level 2. HP: 17/17 MP: 2/2
   457 | D:1      | Reached skill level 1 in Short Blades
   457 | D:1      | Reached XP level 3. HP: 22/22 MP: 3/3
  1059 | D:2      | Noticed a scorpion
  1068 | D:2      | Killed a scorpion
  1068 | D:2      | Reached skill level 1 in Armour
  1068 | D:2      | Reached XP level 4. HP: 13/27 MP: 4/4
  1374 | D:2      | Reached XP level 5. HP: 32/32 MP: 5/5
  1828 | D:2      | Reached skill level 6 in Crossbows
  1961 | D:3      | Noticed an orc warrior
  1974 | D:3      | Slain by an orc warrior

Skill      XL: |  1  2  3  4  5 |
---------------+----------------+-----
Crossbows      | 5 6 |  6.0
Short Blades   | 1 2 |  2.1
Armour         | 1 |  1.4
Dodging        | 3 |  3.3
Fighting       | |  2.9
Stealth        | |  1.3

Action                   |  1- 3 |  4- 6 || total
-------------------------+-------+-------++-------
Melee: Short sword       |     4 |       ||     4
 Fire: Hand crossbow     |    59 |    43 ||   102
  Use: Potion            |     1 |     1 ||     2
       Scroll            |       |     2 ||     2
  Eat: Chunk             |       |     2 ||     2
Armor: Scale mail        |     8 |     7 ||    15
Dodge: Dodged            |    14 |     8 ||    22
